 Dungeon Crawl Stone Soup version 0.32-a0-41-gec2d92a32c (webtiles) character file.

Game seed: 4780767223369229179

40 lunkers the Grave Robber (level 3, -8/24 HPs)
             Began as a Vampire Necromancer on Jan 25, 2024.
             Mangled by an ogre
             ... wielding a +0 giant club
              (32 damage)
             ... on level 2 of the Dungeon.
             The game lasted 00:01:47 (962 turns).

lunkers the Grave Robber (Vampire Necromancer)       Turns: 962, Time: 00:01:48

Health: -8/24      AC:  3    Str:  7    XL:     3   Next: 30%
Magic:  2/6        EV: 12    Int: 19    God:
Gold:   25         SH:  0    Dex: 14    Spells: 6/7 levels left

rFire   + . .        d - +0 dagger
rCold   + . .        (no shield)
rNeg    . . .        a - +0 robe
rPois   .            (no helmet)
rElec   .            c - scarf {rC+ rF+}
rCorr   .            (no gloves)
SInv    +            f - +0 pair of boots
Will    .....        (no amulet)
Stlth   ++           (no ring)
HPRegen 0.44/turn    (no ring)
MPRegen 0.10/turn

%: no passive effects
@: healing quickly
A: alive, fangs 3, see invisible, vampiric 2
a: Exsanguinate


You were on level 2 of the Dungeon.
You visited 1 branch of the dungeon, and saw 2 of its levels.

You collected 25 gold pieces.

Inventory:

Hand Weapons
 d - a +0 dagger (weapon)
 e - a +0 rapier
Armour
 a - a +0 robe (worn)
 c - a scarf of resistance (worn)
 f - a +0 pair of boots (worn)
Scrolls
 g - a scroll of teleportation {unknown}
Potions
 b - 2 potions of magic
 h - a potion of cancellation {unknown}
 i - 2 potions of brilliance {unknown}
 j - a potion of heal wounds {unknown}
 k - a potion of curing {unknown}
 l - a potion of enlightenment {unknown}


   Skills:
 - Level 2.1 Dodging
 - Level 3.0 Stealth
 + Level 2.6 Spellcasting
 * Level 5.3 Necromancy


You had 6 spell levels left.
You knew the following spells:

 Your Spells              Type           Power      Damage    Failure   Level
a - Necrotise             Necr           88%        1d8       1%          1

Your spell library contained the following spells:

 Spells                   Type           Power      Damage    Failure   Level
 Vampiric Draining        Necr           22%        2d7       5%          3
 Animate Dead             Necr           22%        N/A       19%         4
 Jinxbite                 Hex            4%         N/A       24%         2
 Curse of Agony           Necr           22%        N/A       45%         5
 Yara's Violent Unravell  Hex/Alch       1%         3d3       99%         5
 Enfeeble                 Hex            1%         N/A       100%        7


Dungeon Overview and Level Annotations

Branches:
Dungeon (2/15)

Altars:


Innate Abilities, Weirdness & Mutations

Your natural rate of healing is accelerated.
You have razor-sharp teeth.
You have supernaturally acute eyesight. (SInv)
You are afflicted with vampirism and can become a bat while bloodless.


Message History

You now have 25 gold pieces (gained 17).
k - a metallic yellow potion No target in view!
No target in view!
l - a metallic white potion An endoplasm and a hobgoblin come into view.
The endoplasm quivers.
The hobgoblin moves out of view.
An endoplasm is nearby!
An endoplasm is nearby!
Casting: Necrotise (safe; 1% risk of failure)
Confirm with . or Enter, or press ? or * to list all spells.
The endoplasm writhes in agony.
Casting: Necrotise (safe; 1% risk of failure)
Confirm with . or Enter, or press ? or * to list all spells.
The endoplasm writhes in agony!
You kill the endoplasm!
Your hobgoblin skeleton crumbles into dust!
No target in view!
No target in view!
Found a stone staircase leading down.
An ogre comes into view. It is wielding a +0 giant club.
The ogre shouts!
Casting: Necrotise (safe; 1% risk of failure)
Confirm with . or Enter, or press ? or * to list all spells.
The ogre writhes in agony.
Casting: Necrotise (safe; 1% risk of failure)
Confirm with . or Enter, or press ? or * to list all spells.
The ogre barely resists.
Casting: Necrotise (safe; 1% risk of failure)
Confirm with . or Enter, or press ? or * to list all spells.
The ogre writhes in agony.
Unknown command.
Aiming: Necrotise (safe; 1% risk of failure)
Press: ? - help, Q - select action Shift-Dir - straight line, f/p - ogre
Aim: an ogre, wielding a +0 giant club (lightly wounded, chance to affect: 81%)
The ogre writhes in agony!
The ogre hits you with a +0 giant club!!
Ouch! That really hurt!
You die...

.. #...#...###..... ...
#......(# ##..#.
....####.......## #.###
#........##..###.#..
#..#...##.###........
##### ##..###.# ###...#..
......#...# #.# ##.##...
..###..#.###.# #..#....
.......O@.....# #.##.#..
..............# #.#..#..
...............###...##..
.........................
.............>.........#.
..............##.......##
..#.####.....###.......#
#. ..##.## #......##
#.......


You could see an ogre.

Vanquished Creatures
  A dart slug (D:1)
  3 bats
  4 endoplasms
  A giant cockroach (D:1)
  4 hobgoblins
  3 jackals (D:1)
  3 kobolds (D:1)
  2 quokkas (D:1)
  3 ball pythons
  2 frilled lizards (D:1)
  2 goblins
  A rat (D:1)
29 creatures vanquished.

Vanquished Creatures (collateral kills)
  A ball python (D:1)
  2 goblins (D:1)
  A kobold (D:1)
4 creatures vanquished.

Grand Total: 33 creatures vanquished

Notes
Turn   | Place    | Note
-------+----------+-------------------------------------------
     0 | D:1      | lunkers the Vampire Necromancer began the quest for the
                  | Orb.
     0 | D:1      | Reached XP level 1. HP: 13/13 MP: 3/3
   182 | D:1      | Reached XP level 2. HP: 19/19 MP: 0/5
   394 | D:1      | Reached skill level 5 in Necromancy
   520 | D:1      | Gained mutation: You are afflicted with vampirism and can
                  | become a bat while bloodless. [Vampire growth]
   520 | D:1      | Reached XP level 3. HP: 24/24 MP: 1/6
   957 | D:2      | Noticed an ogre
   962 | D:2      | Mangled by an ogre

Illustrated notes

Levels and vault maps discovered:
D:1:      dpeg_arrival_tiny_a, layout_basic, st_stairs_7
D:2:      layout_rooms

Skill      XL: |  1  2 |
---------------+-------+-----
Necromancy     | 5 |  5.3
Dodging        | |  2.1
Stealth        | |  3.0
Spellcasting   | |  2.6

Action                     || total
---------------------------++-------
  Melee: Unarmed           ||     6
         Punch             ||     2
         Dagger            ||    30
         Bite              ||     3
   Cast: Necrotise         ||    49
 Armour: Robe              ||    28
  Dodge: Dodged            ||    29

Table legend: (Time is in decaauts)
 A = Elapsed time spent in this place.
 B = Non-inter-level travel time spent in this place.
 C = Inter-level travel time spent in this place.
 D = Time resting spent in this place.
 E = Time spent auto-exploring this place.
 F = Levels seen in this place.
 G = Mean time per level.
                   A        B        C        D        E       F      G
               +--------+--------+--------+--------+--------+-----+--------+
         Total |    961 |    923 |     38 |      0 |    713 |   2 |  480.5 |
       Dungeon |    961 |    923 |     38 |      0 |    713 |   2 |  480.5 |
               +--------+--------+--------+--------+--------+-----+--------+

Top non-repeatable levels by time:
     D:1: 797 daAuts
     D:2: 163 daAuts
